 Dungeon Crawl Stone Soup version 0.24-a0-489-g1c7b743a30 (webtiles) character file.

Game seed: 14903624957875128999

16 Gildeon the Insei (level 2, 0/21 HPs)
             Began as a Human Transmuter on July 11, 2019.
             Slain by a goblin
             ... wielding a +0 club
              (1 damage)
             ... on level 1 of the Dungeon.
             The game lasted 00:01:46 (182 turns).

Gildeon the Insei (Human Transmuter)                 Turns: 182, Time: 00:01:46

Health: 0/21       AC:  2    Str: 10    XL:     2   Next: 70%
Magic:  4/5        EV: 12    Int: 13    God:
Gold:   10         SH:  0    Dex: 13    Spells: 2/5 levels left

rFire    . . .     SeeInvis .     - Unarmed
rCold    . . .     Gourm    .   (no shield)
rNeg     . . .     Faith    .   b - +0 robe
rPois    .         Spirit   .   (no helmet)
rElec    .         Reflect  .   (no cloak)
rCorr    .         Harm     .   (no gloves)
MR       .....                  (no boots)
Stlth    ++........             e - amulet of inaccuracy (curse)
HPRegen  0.07/turn              (no ring)
MPRegen  0.09/turn              (no ring)

@: very slightly contaminated
A: no striking features
a: no special abilities


You were on level 1 of the Dungeon.
You were not hungry.

You visited 1 branch of the dungeon, and saw 1 of its levels.

You collected 10 gold pieces.

Inventory:

Hand Weapons
 f - a +0 dagger
Missiles
 a - 12 arrows
Armour
 b - a +0 robe (worn)
Jewellery
 e - a cursed amulet of inaccuracy (around neck)
Comestibles
 c - 10 chunks of flesh
 d - 2 rations


   Skills:
 + Level 1.2 Fighting
 + Level 2.1 Dodging
 + Level 0.8 Stealth
 + Level 3.1 Unarmed Combat
 + Level 2.2 Spellcasting
 + Level 2.1 Transmutations


You had 2 spell levels left.
You knew the following spells:

 Your Spells              Type           Power        Failure   Level  Hunger
a - Beastly Appendage     Tmut           #.....       11%         1    ##.....
b - Sticks to Snakes      Tmut           #.......     16%         2    ###....

Your spell library contained the following spells:

 Spells                   Type           Power        Failure   Level  Hunger
 Spider Form              Tmut/Pois      #.........   43%         3    ####...
 Ice Form                 Ice/Tmut       #.......     85%         4    #####..
 Blade Hands              Tmut           #.........   96%         5    ######.


Dungeon Overview and Level Annotations

Branches:
Dungeon (1/15)

Altars:


Message History

The rat bites you.
You miss the rat. You claw the rat.
You kill the rat!
A goblin comes into view.
The goblin shouts!
You hear a shout!
The goblin completely misses you.
A ball python comes into view.
You barely miss the goblin.
The ball python hisses angrily.
Your kick misses the goblin. The goblin hits you with a +0 dagger.
* * * LOW HITPOINT WARNING * * *
You barely miss the goblin. The goblin hits you with a +0 dagger.
* * * LOW HITPOINT WARNING * * *
You hit the goblin but do no damage. Your kick misses the goblin.
Your talons disappear.
The goblin hits you but does no damage. The goblin hits you but does no damage.
You miss the goblin. You miss the goblin. The goblin hits you with a +0 club.
You die...

......######.....###..
.......)......##...#.# .
..###..##)##### ##.#.# ..
..))).##..# ...# >..
...#####.## ..## ....
.........# ##..##...#
#...###### #......#
#...###############...#..#.#
................@gg........#
..#.............g.S.........#
.......###########..##.##...#
#####...# #..# #.# ?.# ###.#
#..# .# .. ### #..# .# . #..#
## #... .##


You could see 3 goblins and a ball python.

Vanquished Creatures
  3 goblins (D:1)
  3 hobgoblins (D:1)
  3 jackals (D:1)
  A frilled lizard (D:1)
  A kobold (D:1)
  4 rats (D:1)
15 creatures vanquished.

Notes
Turn   | Place    | Note
-------+----------+-------------------------------------------
     0 | D:1      | Gildeon the Human Transmuter began the quest for the Orb.
     0 | D:1      | Reached XP level 1. HP: 15/15 MP: 3/3
    63 | D:1      | Reached XP level 2. HP: 11/21 MP: 3/5
   128 | D:1      | Learned a level 2 spell: Sticks to Snakes
   178 | D:1      | HP: 1/21 [goblin/+0 dagger (4)]
   182 | D:1      | Slain by a goblin

Levels and vault maps discovered:
D:1:      minmay_arrival_plants_in_alcoves, layout_rooms, minmay_distorted

Action                   || total
-------------------------++-------
Melee: Unarmed           ||    52
       Headbutt          ||     2
       Kick              ||     5
 Cast: Beastly Appendage ||     5
Armor: Robe              ||     4
Dodge: Dodged            ||    30

Table legend:
 A = Non-vault XP
 B = Vault XP
 C = Vault XP percentage of total XP
 D = Non-vault monster count
 E = Vault monster count
 F = Vault count percentage of total count
                 A         B        C        D         E       F
            +---------+---------+-------+---------+---------+-------
      Total |      22 |       1 |   4.3 |      14 |       1 |   6.7
            +---------+---------+-------+---------+---------+-------
        D:1 |      22 |       1 |   4.3 |      14 |       1 |   6.7
            +---------+---------+-------+---------+---------+-------
